 Dungeon Crawl Stone Soup version 0.21.1-1-g345015f (webtiles) character file.

1239 diana the Spear-Bearer (level 8, -1/91 HPs)
             Began as a Merfolk Gladiator on June 2, 2018.
             Slain by Pikel
             ... wielding a +2 whip of electrocution
              (15 damage)
             ... on level 4 of the Dungeon.
             The game lasted 00:12:16 (5717 turns).

diana the Spear-Bearer (Merfolk Gladiator)          Turns: 5717, Time: 00:12:16

Health: -1/91      AC: 24    Str: 16    XL:     8   Next: 49%
Magic:  8/8        EV:  2    Int:  7    God:
Gold:   257        SH:  0    Dex: 16    Spells: 7/7 levels left

rFire    . . .     SeeInvis .   t - +4 trident
rCold    . . .     Gourm    .   (no shield)
rNeg     + + +     Faith    .   (armour currently unavailable)
rPois    +         Spirit   .   (helmet currently unavailable)
rElec    .         Reflect  .   (cloak currently unavailable)
rCorr    +         Harm     .   (gloves currently unavailable)
MR       .....     NoTele   +   (boots currently unavailable)
Stlth    ++........             (no amulet)
HPRegen  0.25/turn              m - ring of resist corrosion
MPRegen  0.11/turn              z - ring of flight

@: tree-form
A: (change form in water), (swift swim), (stealthy swim)
a: no special abilities


You were on level 4 of the Dungeon.
You were not hungry.
You were a tree.
You visited 1 branch of the dungeon, and saw 5 of its levels.

You collected 257 gold pieces.

Inventory:

Hand Weapons
 a - a +0 bardiche
 t - a +4 trident (weapon)
Missiles
 d - 3 throwing nets (quivered)
Armour
 b - a +0 leather armour (melded)
 c - a +0 helmet (melded)
Jewellery
 g - a +4 ring of protection {unknown}
 m - a ring of resist corrosion (left branch)
 v - an uncursed ring of magical power
 y - an uncursed ring of protection from fire
 z - a ring of flight (right branch)
 B - the ring of Gin and Tonic {rCorr rN+ Dex+3 Slay+2 Stlth+, unknown}
   (You found it on level 5 of the Dungeon)

   [ring of resist corrosion]

   It affects your dexterity (+3).
   It affects your accuracy and damage with ranged weapons and melee attacks
   (+2).
   It protects you from negative energy.
   It makes you more stealthy.
Wands
 e - a wand of digging (18)
 A - a wand of random effects (50)
Scrolls
 h - 4 scrolls of identify {unknown}
 i - 2 scrolls of remove curse {unknown}
 k - 3 scrolls of enchant weapon {unknown}
 l - a scroll of random uselessness {unknown}
 o - 2 scrolls of enchant armour {unknown}
 q - a scroll of amnesia {unknown}
 r - a scroll of fear {unknown}
 u - a scroll of teleportation {unknown}
 x - a scroll of noise {unknown}
Potions
 p - a potion of haste {unknown}
 s - a potion of degeneration {unknown}
 w - a potion of mutation {unknown}
Comestibles
 f - 7 rations


   Skills:
 - Level 4.5 Fighting
 + Level 10.3 Polearms
 - Level 2.3 Throwing
 - Level 3.0 Armour
 - Level 6.2 Dodging
 - Level 2.9 Stealth


You had 7 spell levels left.
You didn't know any spells.

Dungeon Overview and Level Annotations

Branches:
Dungeon (5/15)
 Temple: D:4-7

Altars:
Elyvilon
Gozag
Nemelex Xobeh
Zin
The Shining One

Annotations:
D:3 Jaiteiro's ghost, amateur TeVM
D:4 Pikel


Message History

Your roots penetrate the ground.
Pikel hits you but does no damage.
You are electrocuted!
You completely miss Pikel.
Pikel is lightly wounded.
You completely miss Pikel.
Pikel is lightly wounded.
Pikel hits you with a whip of electrocution.
You hit Pikel.
Pikel is lightly wounded.
Pikel hits you but does no damage.
You are electrocuted!
* * * LOW HITPOINT WARNING * * *
You hit Pikel but do no damage.
Pikel is lightly wounded.
Pikel hits you but does no damage.
You hit Pikel.
Pikel is moderately wounded.
Pikel hits you with a whip of electrocution.
* * * LOW HITPOINT WARNING * * *
You are electrocuted!
You die...

#################################
#...............♣K...............
#.#......###########..####..#####
#.#........####..........#..###
#.######.#........##.###....^.#
.........#........<....#.####.#
#.########.........#.#.#.# #.###
#.# #...............# #.#..
#.########.........#...######.#.#
#>..........######...#.#....#...#


You could see Pikel.

Vanquished Creatures
  The ghost of AdmiralAndromeda the Twirler, a novice DsGl of Kikubaaqudgha (D:5)
  Sigmund (D:4)
  The ghost of Saeniel the Digger, an amateur DEEE (D:4)
  A slave (D:5)
  A centaur (D:5)
  Blork the orc (D:4)
  A bullfrog (D:5)
  A howler monkey (D:5)
  An orc priest (D:5)
  A centaur skeleton (D:4)
  A hound (D:5)
  A jelly (D:5)
  2 orc wizards (D:5)
  Jessica (D:2)
  Natasha (thrice) (D:4)
  An iguana (D:5)
  5 adders
  An ooze (D:5)
  2 adder skeletons (D:4)
  2 worms
  4 dart slugs
  A leopard gecko (D:1)
  17 orcs
  13 giant cockroaches
  8 goblins
  10 hobgoblins
  2 jackals (D:2)
  3 quokkas
  7 bats
  5 frilled lizards
  9 kobolds
  7 rats
115 creatures vanquished.

Notes
Turn   | Place    | Note
-------+----------+-------------------------------------------
     0 | D:1      | diana the Merfolk Gladiator began the quest for the Orb.
     0 | D:1      | Reached XP level 1. HP: 16/16 MP: 1/1
   164 | D:1      | Reached XP level 2. HP: 19/23 MP: 2/2
   752 | D:2      | Reached skill level 5 in Polearms
   757 | D:2      | Found a sparkling altar of Nemelex Xobeh.
   764 | D:2      | Reached XP level 3. HP: 28/28 MP: 3/3
  1408 | D:2      | Noticed Jessica
  1426 | D:2      | Killed Jessica
  1426 | D:2      | Reached XP level 4. HP: 26/34 MP: 4/4
  2209 | D:3      | Reached skill level 6 in Polearms
  2245 | D:3      | Reached skill level 1 in Armour
  2296 | D:3      | Noticed Jaiteiro's ghost (amateur TeVM)
  2475 | D:3      | Reached XP level 5. HP: 40/40 MP: 5/5
  2623 | D:3      | Reached skill level 5 in Dodging
  2861 | D:4      | Noticed Natasha
  2867 | D:4      | Killed Natasha
  2867 | D:4      | Reached skill level 1 in Stealth
  2932 | D:4      | Noticed Saeniel's ghost (amateur DEEE)
  3021 | D:4      | Killed Saeniel's ghost
  3021 | D:4      | Reached skill level 7 in Polearms
  3021 | D:4      | Reached XP level 6. HP: 17/47 MP: 6/6
  3222 | D:4      | Noticed Blork the orc
  3229 | D:4      | Killed Blork the orc
  3287 | D:4      | Noticed Sigmund
  3311 | D:4      | Killed Sigmund
  3311 | D:4      | Reached skill level 8 in Polearms
  3311 | D:4      | Reached XP level 7. HP: 23/52 MP: 7/7
  3632 | D:4      | Found an opulent altar of Gozag.
  3736 | D:4      | Noticed Natasha
  3741 | D:4      | Killed Natasha
  3901 | D:4      | Noticed Natasha
  3904 | D:4      | Killed Natasha
  3954 | D:5      | Entered Level 5 of the Dungeon
  4417 | D:5      | Found a glowing golden altar of the Shining One.
  4417 | D:5      | Found a white marble altar of Elyvilon.
  4418 | D:5      | Found a glowing silver altar of Zin.
  4751 | D:5      | Reached skill level 9 in Polearms
  4834 | D:5      | Reached XP level 8. HP: 56/60 MP: 8/8
  4850 | D:5      | Noticed AdmiralAndromeda's ghost (novice DsGl)
  4884 | D:5      | Killed AdmiralAndromeda's ghost
  4884 | D:5      | Reached skill level 10 in Polearms
  4962 | D:5      | Got a steaming pewter ring
  5101 | D:5      | Noticed Pikel
  5717 | D:4      | Slain by Pikel

Skill      XL: |  1  2  3  4  5  6  7  8 |
---------------+-------------------------+-----
Polearms       | 5 6 7 8 9 10 | 10.3
Armour         | 1 2 3 |  3.0
Dodging        | 5 6 |  6.2
Stealth        | 1 2 |  2.9
Fighting       | 3 4 |  4.5
Throwing       | |  2.3

Action                   |  1- 3 |  4- 6 |  7- 9 || total
-------------------------+-------+-------+-------++-------
Melee: Trident           |   157 |   180 |   153 ||   490
Evoke: Wand              |       |       |     2 ||     2
  Use: Potion            |       |     2 |     4 ||     6
 Stab: Sleeping          |     1 |     2 |     2 ||     5
       Distracted        |       |       |     1 ||     1
  Eat: Chunk             |     1 |     3 |     2 ||     6
       Ration            |       |     1 |     2 ||     3
Armor: Leather armour    |    41 |    18 |     7 ||    66
       Skin              |       |       |     3 ||     3
Dodge: Dodged            |   128 |    73 |    81 ||   282
